3AA
OTTAWA NATIONALS @ SAN ANTONIO BC
07/29/2021
 
TOP OF THE 1ST
Ottawa Nationals batting - Pitching for San Antonio BC : RHP Lester Sullivan
Pitching: RHP Lester Sullivan
Batting: RHB Francisco Morales 0-0: Bunted foul
0-1: Foul Ball, location: 2F
0-2: Strikes out swinging
Batting: RHB Stan Pierce 0-0: Ball
1-0: Ball
2-0: Called Strike
2-1: Ball
3-1: Foul Ball, location: 2F
3-2: Strikes out swinging
Batting: RHB Héctor Rojas 0-0: Ball
1-0: Ball
2-0: Ball
3-0: Called Strike
3-1: Foul Ball, location: 2F
3-2: Foul Ball, location: 2F
3-2: Foul Ball, location: 2F
3-2: Ground out 1-3 (Groundball, 13)
Top of the 1st over - 0 run(s), 0 hit(s), 0 error(s), 0 left on base; Ottawa 0 - San Antonio 0
BOTTOM OF THE 1ST
San Antonio BC batting - Pitching for Ottawa Nationals : RHP Ángelo Cabrera
Pitching: RHP Ángelo Cabrera
Batting: RHB José Muñóz 0-0: Ball
1-0: Fly out, F6 (Popup, 7S)
Batting: RHB Jim Unknown 0-0: Ball
1-0: DOUBLE (Flyball, 89D)
Batting: SHB Lionel Merlet 0-0: SINGLE (Line Drive, 9LS)
Jim Unknown to third
Runner from 3rd tries for Home, SAFE, throw made home
Lionel Merlet to second
Batting: LHB António Rivera 0-0: Ball
Lionel Merlet steals 3rd base
1-0: Fly out, F6 (Popup, 5DF)
Batting: RHB Jim Unknown 0-0: Ball
1-0: Ball
2-0: Called Strike
2-1: Called Strike
2-2: SINGLE (Line Drive, 8LS)
Lionel Merlet scores
Batting: RHB Micah Miller 0-0: Called Strike
0-1: Ball
1-1: Ball
2-1: Foul Ball, location: 2F
2-2: Ball
3-2: DOUBLE (Line Drive, 5L)
Jim Unknown to third
Jim Unknown scores
Batting: RHB Bobby Buck 0-0: Foul Ball, location: 2F
0-1: Fly out, F8 (Flyball, 8RM)
Bottom of the 1st over - 3 run(s), 4 hit(s), 0 error(s), 1 left on base; Ottawa 0 - San Antonio 3
TOP OF THE 2ND
Ottawa Nationals batting - Pitching for San Antonio BC : RHP Lester Sullivan
Batting: RHB Dirk Davis 0-0: SINGLE (Groundball, 3S)
Batting: RHB Jack O'Brien 0-0: Ball
1-0: Called Strike
1-1: DOUBLE (Line Drive, 78D)
Dirk Davis to third
Batting: LHB Jerry Burnett 0-0: Called Strike
0-1: Ball
1-1: Ball
2-1: Ground out 6-3 (Groundball, 6M)
Dirk Davis scores
Jack O'Brien to third
Batting: LHB Justin Rigney 0-0: Called Strike
0-1: Ball
Wild Pitch!
Jack O'Brien scores
1-1: Foul Ball, location: 2F
1-2: Foul Ball, location: 2F
1-2: Foul Ball, location: 2F
1-2: Foul Ball, location: 2F
1-2: Ball
2-2: Strikes out looking
Batting: RHB Anthony Trujillo 0-0: Ball
1-0: SINGLE (Line Drive, 8RS)
Batting: RHB Dan Bernard 0-0: Foul Ball, location: 2F
0-1: Ball
1-1: Ball
2-1: Swinging Strike
2-2: Ball
Anthony Trujillo steals 2nd base
3-2: SINGLE (Line Drive, 6M)
Anthony Trujillo to third
Anthony Trujillo scores
Batting: RHB Francisco Morales 0-0: Ball
1-0: Ball
2-0: Fly out, F8 (Flyball, 8LM)
Top of the 2nd over - 3 run(s), 4 hit(s), 0 error(s), 1 left on base; Ottawa 3 - San Antonio 3
BOTTOM OF THE 2ND
San Antonio BC batting - Pitching for Ottawa Nationals : RHP Ángelo Cabrera
Batting: RHB António Alvarado 0-0: Ball
1-0: Ball
2-0: Called Strike
2-1: Called Strike
2-2: Foul Ball, location: 2F
2-2: Strikes out swinging
Batting: RHB Morton Kelly 0-0: Ball
1-0: Bunt for hit - play at first, batter OUT! 5-3
Batting: RHB José Muñóz 0-0: Ball
1-0: Swinging Strike
1-1: Foul Ball, location: 2F
1-2: Fly out, F8 (Flyball, 8RM)
Bottom of the 2nd over - 0 run(s), 0 hit(s), 0 error(s), 0 left on base; Ottawa 3 - San Antonio 3
TOP OF THE 3RD
Ottawa Nationals batting - Pitching for San Antonio BC : RHP Lester Sullivan
Batting: RHB Stan Pierce 0-0: Ball
1-0: Ball
2-0: Called Strike
2-1: Ball
3-1: Base on Balls
Batting: RHB Héctor Rojas 0-0: Fielders Choice at 2nd, 1-6 (Groundball, 13S)
Batting: RHB Dirk Davis 0-0: Called Strike
0-1: Swinging Strike
0-2: Ball
1-2: Strikes out swinging
Batting: RHB Jack O'Brien 0-0: Ball
1-0: Ball
2-0: Ball
3-0: Called Strike
3-1: Fielders Choice at 2nd, U6 (Groundball, 6M)
Top of the 3rd over - 0 run(s), 0 hit(s), 0 error(s), 1 left on base; Ottawa 3 - San Antonio 3
BOTTOM OF THE 3RD
San Antonio BC batting - Pitching for Ottawa Nationals : RHP Ángelo Cabrera
Batting: RHB Jim Unknown 0-0: Called Strike
0-1: Ball
1-1: Foul Ball, location: 2F
1-2: Ball
2-2: Ball
3-2: Base on Balls
Batting: SHB Lionel Merlet 0-0: Fly out, F5 (Popup, 5SF)
Batting: LHB António Rivera 0-0: Grounds into double play, U4-3 (Groundball, 4)
Bottom of the 3rd over - 0 run(s), 0 hit(s), 0 error(s), 0 left on base; Ottawa 3 - San Antonio 3
TOP OF THE 4TH
Ottawa Nationals batting - Pitching for San Antonio BC : RHP Lester Sullivan
Batting: LHB Jerry Burnett 0-0: Ball
1-0: SINGLE (Line Drive, 78S)
Batting: LHB Justin Rigney 0-0: Ball
1-0: Foul Ball, location: 2F
1-1: Ball
2-1: Reached on error, E3 (Groundball, 3S)
Jerry Burnett to second
Batting: RHB Anthony Trujillo 0-0: SINGLE (Line Drive, 4MD)
Jerry Burnett to third
Justin Rigney to second
Runner from 3rd tries for Home, SAFE, throw made home
Justin Rigney to third
Anthony Trujillo to second
Batting: RHB Dan Bernard 0-0: Fly out, F7 (Line Drive, 7LD)
Runner from 3rd tags up, SCORES, no throw
Batting: RHB Francisco Morales 0-0: Ground out 4-3 (Groundball, 4M)
Anthony Trujillo to third
Batting: RHB Stan Pierce 0-0: Swinging Strike
0-1: Fly out, F8 (Popup, 8LS)
Top of the 4th over - 2 run(s), 2 hit(s), 1 error(s), 1 left on base; Ottawa 5 - San Antonio 3
BOTTOM OF THE 4TH
San Antonio BC batting - Pitching for Ottawa Nationals : RHP Ángelo Cabrera
Batting: RHB Jim Unknown 0-0: Ball
1-0: Foul Ball, location: 2F
1-1: Ground out 6-3 (Groundball, 6M)
Batting: RHB Micah Miller 0-0: Called Strike
0-1: SOLO HOME RUN (Flyball, 8RXD), Distance : 430 ft
Batting: RHB Bobby Buck 0-0: Ball
1-0: Ball
2-0: Ball
3-0: Base on Balls
Batting: RHB António Alvarado 0-0: Fly out, F8 (Line Drive, 8LM)
Batting: RHB Morton Kelly 0-0: Ball
1-0: SINGLE (Line Drive, 7S)
Bobby Buck to second
Batting: RHB José Muñóz 0-0: Ball
1-0: Swinging Strike
1-1: Fly out, F8 (Flyball, 8LD)
Bottom of the 4th over - 1 run(s), 2 hit(s), 0 error(s), 2 left on base; Ottawa 5 - San Antonio 4
TOP OF THE 5TH
Ottawa Nationals batting - Pitching for San Antonio BC : RHP Lester Sullivan
Batting: RHB Héctor Rojas 0-0: Ball
1-0: Foul Ball, location: 2F
1-1: Ball
2-1: Foul Ball, location: 2F
2-2: Ball
3-2: Foul Ball, location: 2F
3-2: Foul Ball, location: 2F
3-2: Base on Balls
Batting: RHB Dirk Davis 0-0: Foul Ball, location: 2F
0-1: Ball
1-1: Foul Ball, location: 2F
1-2: Ball
2-2: Foul Ball, location: 2F
2-2: Strikes out looking
Batting: RHB Jack O'Brien 0-0: Ball
1-0: Called Strike
1-1: Ground out 2-3 (Groundball, 23)
Héctor Rojas to second
Batting: LHB Jerry Burnett 0-0: Foul Ball, location: 2F
0-1: Fly out, F8 (Flyball, 8RM)
Top of the 5th over - 0 run(s), 0 hit(s), 0 error(s), 1 left on base; Ottawa 5 - San Antonio 4
BOTTOM OF THE 5TH
San Antonio BC batting - Pitching for Ottawa Nationals : RHP Ángelo Cabrera
Batting: RHB Jim Unknown 0-0: Ball
1-0: Ball
2-0: Ground out 6-3 (Groundball, 6)
Batting: SHB Lionel Merlet 0-0: Swinging Strike
0-1: Called Strike
0-2: SINGLE (Line Drive, 4D)
Batting: LHB António Rivera 0-0: Called Strike
0-1: Ball
1-1: Ball
2-1: Fly out, F8 (Line Drive, 8LM)
Batting: RHB Jim Unknown 0-0: SINGLE (Line Drive, 34)
Lionel Merlet to second
Batting: RHB Micah Miller 0-0: Swinging Strike
0-1: SINGLE (Line Drive, 34)
Lionel Merlet to third
Jim Unknown to second
Runner from 3rd tries for Home, SAFE, no throw or cutoff
Batting: RHB Bobby Buck 0-0: Ball
1-0: Ball
2-0: Swinging Strike
2-1: SINGLE (Groundball, 56S)
Jim Unknown to third
Micah Miller to second
Runner from 3rd tries for Home, SAFE, no throw or cutoff
Batting: RHB António Alvarado 0-0: Called Strike
0-1: Ball
1-1: Foul Ball, location: 2F
1-2: Ball
2-2: Ball
3-2: Base on Balls
Micah Miller to third
Bobby Buck to second
Batting: RHB Morton Kelly 0-0: Ball
1-0: Called Strike
1-1: Swinging Strike
1-2: Fly out, F7 (Flyball, 7M)
Bottom of the 5th over - 2 run(s), 4 hit(s), 0 error(s), 3 left on base; Ottawa 5 - San Antonio 6
TOP OF THE 6TH
Ottawa Nationals batting - Pitching for San Antonio BC : RHP Lester Sullivan
Batting: LHB Justin Rigney 0-0: Reached on error, E4 (Groundball, 4)
Batting: RHB Anthony Trujillo 0-0: Fly out, F6 (Popup, 6MD)
Batting: RHB Dan Bernard 0-0: Ball
1-0: Called Strike
1-1: SINGLE (Line Drive, 4MD)
Justin Rigney to third
Batting: RHB Francisco Morales 0-0: Ball
1-0: Foul Ball, location: 2F
1-1: Fly out, F9 (Flyball, 89M)
Runner from 3rd tags up, SCORES, throw made
Batting: RHB Stan Pierce 0-0: Ball
1-0: Called Strike
1-1: Swinging Strike
1-2: Strikes out looking
Top of the 6th over - 1 run(s), 1 hit(s), 1 error(s), 1 left on base; Ottawa 6 - San Antonio 6
BOTTOM OF THE 6TH
San Antonio BC batting - Pitching for Ottawa Nationals : RHP Ángelo Cabrera
Batting: RHB José Muñóz 0-0: Fly out, F7 (Flyball, 7M)
Batting: RHB Jim Unknown 0-0: SINGLE (Line Drive, 34D)
Batting: SHB Lionel Merlet 0-0: Fly out, F8 (Flyball, 8LM)
Batting: LHB António Rivera 0-0: Called Strike
Jim Unknown is caught stealing 2nd base
Bottom of the 6th over - 0 run(s), 1 hit(s), 0 error(s), 0 left on base; Ottawa 6 - San Antonio 6
TOP OF THE 7TH
Ottawa Nationals batting - Pitching for San Antonio BC : RHP Lester Sullivan
Batting: RHB Héctor Rojas 0-0: Called Strike
0-1: Ground out 5-3 (Groundball, 56)
Batting: RHB Dirk Davis 0-0: Called Strike
0-1: Swinging Strike
0-2: Strikes out swinging
Batting: RHB Jack O'Brien 0-0: Ball
1-0: SINGLE (Line Drive, 9S)
Batting: LHB Jerry Burnett 0-0: Called Strike
0-1: SINGLE (Flyball, 89S)
Jack O'Brien to second
Batting: LHB Justin Rigney 0-0: Ball
1-0: Called Strike
1-1: Called Strike
1-2: SINGLE (Line Drive, 34D)
Jack O'Brien to third
Jerry Burnett to second
Pinch Hitting: RHB Jim Unknown 0-0: Foul Ball, location: 2F
0-1: Called Strike
0-2: Fly out, F9 (Flyball, 9LM)
Top of the 7th over - 0 run(s), 3 hit(s), 0 error(s), 3 left on base; Ottawa 6 - San Antonio 6
BOTTOM OF THE 7TH
San Antonio BC batting - Pitching for Ottawa Nationals : RHP Ángelo Cabrera
Now at 3B: Jim Unknown
Batting: LHB António Rivera 0-0: Ball
1-0: Ball
2-0: Ground out 4-3 (Groundball, 4)
Batting: RHB Jim Unknown 0-0: Ball
1-0: Ball
2-0: Fly out, F3 (Popup, 3F)
Batting: RHB Micah Miller 0-0: Called Strike
0-1: Ground out 5-3 (Groundball, 56)
Bottom of the 7th over - 0 run(s), 0 hit(s), 0 error(s), 0 left on base; Ottawa 6 - San Antonio 6
TOP OF THE 8TH
Ottawa Nationals batting - Pitching for San Antonio BC : RHP Lester Sullivan
Batting: RHB Dan Bernard 0-0: Foul Ball, location: 2F
0-1: Foul Ball, location: 2F
0-2: Ball
1-2: Foul Ball, location: 2F
1-2: SINGLE (Groundball, 4MD)
Pitching: RHP Karl Pratt
Batting: RHB Francisco Morales 0-0: Bunt missed!
0-1: Bunt missed!
0-2: Ball
1-2: Ball
2-2: Foul Ball, location: 2F
2-2: Grounds into double play, 6-4-3 (Groundball, 6)
Batting: RHB Stan Pierce 0-0: Called Strike
0-1: Called Strike
0-2: Ball
1-2: Strikes out swinging
Top of the 8th over - 0 run(s), 1 hit(s), 0 error(s), 0 left on base; Ottawa 6 - San Antonio 6
BOTTOM OF THE 8TH
San Antonio BC batting - Pitching for Ottawa Nationals : RHP Ángelo Cabrera
Batting: RHB Bobby Buck 0-0: Called Strike
0-1: Ball
1-1: Ball
2-1: Ground out 5-3 (Groundball, 56S)
Batting: RHB António Alvarado 0-0: Foul Ball, location: 2F
0-1: Ball
1-1: Foul Ball, location: 2F
1-2: Foul Ball, location: 2F
1-2: SINGLE (Groundball, 56)
Pitching: RHP Ernie McPherson
Pinch Runner at 1st Ludovico Trezza:
Batting: RHB Morton Kelly 0-0: Sac Bunt - play at first, batter OUT! 1-4
Ludovico Trezza to second
Batting: RHB José Muñóz 0-0: Called Strike
0-1: DOUBLE (Line Drive, 7LS)
Ludovico Trezza scores
Batting: RHB Jim Unknown 0-0: Ball
1-0: Ball
2-0: Ball
3-0: Base on Balls
Batting: SHB Lionel Merlet 0-0: Called Strike
0-1: Ball
1-1: 3-RUN HOME RUN (Flyball, 89XD), Distance : 418 ft
Batting: LHB António Rivera 0-0: Foul Ball, location: 2F
0-1: Ball
1-1: Fly out, F7 (Line Drive, 7M)
Bottom of the 8th over - 4 run(s), 3 hit(s), 0 error(s), 0 left on base; Ottawa 6 - San Antonio 10
TOP OF THE 9TH
Ottawa Nationals batting - Pitching for San Antonio BC : RHP Karl Pratt
Now at 2B: Ludovico Trezza
Batting: RHB Héctor Rojas 0-0: Called Strike
0-1: Foul Ball, location: 2F
0-2: Ball
1-2: SINGLE (Flyball, 7S)
Batting: RHB Dirk Davis 0-0: Ball
1-0: Ball
2-0: Foul Ball, location: 2F
2-1: Ball
3-1: Base on Balls
Héctor Rojas to second
Pitching: RHP Mike Lindsay
Batting: RHB Jack O'Brien 0-0: Ball
1-0: Called Strike
1-1: Ball
2-1: Swinging Strike
2-2: Ball
3-2: Foul Ball, location: 2F
3-2: Base on Balls
Héctor Rojas to third
Dirk Davis to second
Batting: LHB Jerry Burnett 0-0: Ball
1-0: Ball
2-0: SINGLE (Line Drive, 8LS)
Héctor Rojas scores
Dirk Davis to third
Jack O'Brien to second
Batting: LHB Justin Rigney 0-0: Ball
1-0: Foul Ball, location: 2F
1-1: Foul Ball, location: 2F
1-2: Ball
2-2: Foul Ball, location: 2F
2-2: Foul Ball, location: 2F
2-2: Foul Ball, location: 2F
2-2: Foul Ball, location: 2F
2-2: Fly out, F6 (Popup, 56D)
Batting: RHB Jim Unknown 0-0: Called Strike
0-1: Foul Ball, location: 2F
0-2: Foul Ball, location: 2F
0-2: Ball
1-2: Grounds into double play, 4-6-3 (Groundball, 4)
Top of the 9th over - 1 run(s), 2 hit(s), 0 error(s), 2 left on base; Ottawa 7 - San Antonio 10
This league is powered by Out of the Park Baseball, the baseball management simulation game for PC, Mac and Linux
Friday, January 22nd, 2016 - OOTP Baseball 16.9 Build 39